 Dungeon Crawl Stone Soup version 0.26.1-10-gdfb7c7de75 (webtiles) character file.

Game seed: 5132375343138334530

72041 tardwrangler69 the Severer (level 15, -8/139 HPs)
             Began as a Minotaur Fighter on Apr 4, 2021.
             Was a Follower of Uskayaw.
             Mangled by Jorgrun
             ... wielding a +0 vorpal quarterstaff
              (16 damage)
             ... on level 13 of the Dungeon.
             The game lasted 00:25:06 (27184 turns).

tardwrangler69 the Severer (Minotaur Fighter)      Turns: 27184, Time: 00:25:07

Health: -8/139     AC: 23    Str: 27    XL:     15   Next: 0%
Magic:  12/12      EV:  9    Int:  5    God:    Uskayaw [*.....]
Gold:   2449       SH: 15    Dex: 10    Spells: 14/14 levels left

rFire    . . .     SeeInvis .   a - +0 broad axe
rCold    . . .     Faith    .   c - +1 kite shield
rNeg     . . .     Spirit   .   w - +0 plate armour
rPois    .         Reflect  .   (helmet restricted)
rElec    +         Harm     .   u - +0 cloak
rCorr    +         Rampage  .   A - +0 pair of gloves
Will     +....                  F - +2 pair of boots {Stlth+}
Stlth    ..........             (no amulet)
HPRegen  0.33/turn              j - ring "Arruthiz" {rElec rCorr MP-9 Stlth+}
MPRegen  0.13/turn              B - +4 ring of evasion

@: mighty, grasped by roots, constricted
A: retaliatory headbutt, horns 2
a: Renounce Religion, Stomp


You were on level 13 of the Dungeon.
You worshipped Uskayaw.
Uskayaw was aware of your devotion.
You visited 5 branches of the dungeon, and saw 23 of its levels.
You also visited: Volcano.

You collected 2582 gold pieces.
You spent 133 gold pieces at shops.

Inventory:

Hand Weapons
 a - a +0 broad axe (weapon)
 x - the +5 mace "Jellyslayer" {venom, Dex+5}
   (You found it on level 6 of the Dungeon)

   It poisons the flesh of those it strikes.
   It affects your dexterity (+5).
 Y - a +0 vorpal war axe
Missiles
 y - 9 javelins (quivered)
Armour
 c - a +1 kite shield (worn)
 u - a +0 cloak (worn)
 w - a +0 plate armour (worn)
 A - a +0 pair of gloves (worn)
 F - a +2 pair of boots of stealth (worn)
Jewellery
 j - the ring "Arruthiz" (left hand) {rElec rCorr MP-9 Stlth+}
   (You found it on level 6 of the Dungeon)

   [ring of resist corrosion]

   It insulates you from electricity.
   It affects your magic capacity (-9).
   It provides partial protection from all sources of acid and corrosion.
   It makes you more stealthy.
 s - an uncursed ring of ice
 B - a +4 ring of evasion (right hand)
 E - an uncursed ring of flight
 K - a +4 ring of protection
 M - an uncursed ring of protection from cold
 O - a cursed ring of teleportation {unknown}
 P - a +6 ring of intelligence {unknown}
 R - an uncursed ring of magical power {unknown}
 U - an uncursed ring of fire {unknown}
 Z - an uncursed ring of positive energy {unknown}
Scrolls
 h - 6 scrolls of remove curse
 i - 2 scrolls of enchant armour
 k - 18 scrolls of identify
 m - a scroll of magic mapping
 n - 5 scrolls of immolation
 p - 7 scrolls of blinking
 r - a scroll of random uselessness {unknown}
 z - 6 scrolls of fear
 D - 7 scrolls of enchant weapon
 L - 5 scrolls of teleportation
 W - 2 scrolls of fog
Potions
 b - 5 potions of curing
 d - 2 potions of might
 e - 2 potions of lignification {unknown}
 f - 3 potions of haste
 g - 5 potions of invisibility
 l - 4 potions of ambrosia {unknown}
 o - 3 potions of degeneration {unknown}
 q - a potion of heal wounds
 t - 5 potions of brilliance {unknown}
 v - 5 potions of attraction {unknown}
 C - 3 potions of resistance {unknown}
 H - 2 potions of mutation {unknown}
 N - 5 potions of flight {unknown}
 S - 2 potions of berserk rage {unknown}
 X - a potion of magic {unknown}
Miscellaneous
 G - a phantom mirror


   Skills:
 + Level 14.4 Fighting
 * Level 16.0 Axes
 + Level 14.3 Armour
 + Level 14.4 Shields
 - Level 10.0 Invocations


You had 14 spell levels left.
You didn't know any spells.
Your spell library contained the following spells:

 Spells                   Type           Power        Failure   Level
 Animate Skeleton         Necr           0%           98%         1
 Corona                   Hex            0%           98%         1
 Freeze                   Ice            0%           98%         1
 Pain                     Necr           0%           98%         1
 Shock                    Conj/Air       0%           98%         1
 Summon Small Mammal      Summ           0%           98%         1
 Call Imp                 Summ           0%           99%         2
 Corpse Rot               Necr/Air       N/A          99%         2
 Ensorcelled Hibernation  Hex/Ice        0%           99%         2
 Slow                     Hex            0%           99%         2
 Swiftness                Air            0%           99%         2
 Call Canine Familiar     Summ           0%           100%        3
 Confusing Touch          Hex            0%           100%        3
 Dazzling Flash           Conj/Hex       0%           100%        3
 Frozen Ramparts          Ice            0%           100%        3
 Inner Flame              Hex/Fire       0%           100%        3
 Ozocubu's Armour         Ice            0%           100%        3
 Portal Projectile        Hex/Tloc       0%           100%        3
 Static Discharge         Conj/Air       0%           100%        3
 Summon Guardian Golem    Hex/Summ       0%           100%        3
 Tukima's Dance           Hex            0%           100%        3
 Vampiric Draining        Necr           0%           100%        3
 Airstrike                Air            0%           100%        4
 Animate Dead             Necr           0%           100%        4
 Cause Fear               Hex            0%           100%        4
 Hailstorm                Conj/Ice       0%           100%        4
 Leda's Liquefaction      Hex/Erth       0%           100%        4
 Summon Ice Beast         Ice/Summ       0%           100%        4
 Summon Lightning Spire   Summ/Air       0%           100%        4
 Agony                    Necr           0%           100%        5
 Bolt of Magma            Conj/Fire/Erth 0%           100%        5
 Iskenderun's Battlesphe  Conj           0%           100%        5
 Lightning Bolt           Conj/Air       0%           100%        5
 Iron Shot                Conj/Erth      0%           100%        6
 Orb of Destruction       Conj           0%           100%        7
 Spellforged Servitor     Conj/Summ      0%           100%        7
 Disjunction              Tloc           0%           100%        8


Dungeon Overview and Level Annotations

Branches:
Dungeon (13/15)            Temple (1/1) D:5            Lair (6/6) D:9
 Shoals (0/4) Lair:2       Spider (0/4) Lair:2        Slime (0/5) Lair:6
    Orc (2/2) D:11            Elf (1/3) Orc:2       Volcano (visited)
 Vaults: D:13-14

Altars:
Ashenzari
Cheibriados
Dithmenos
Elyvilon
Fedhas
Gozag
Hepliaklqana
Kikubaaqudgha
Makhleb
Nemelex Xobeh
Okawaru
Qazlal
Ru
Sif Muna
Trog
Uskayaw
Vehumet
Wu Jian
Xom
Yredelemnul
Zin
The Shining One

Shops:
D:11 [   Orc:2 :*}=?

Portals:
Trove: D:11 (give +3 ice dragon scales)

Annotations:
D:13 Jorgrun


Innate Abilities, Weirdness & Mutations

You reflexively headbutt those who attack you in melee.
You have a pair of horns on your head.


Message History

You feel mightier all of a sudden. You block Jorgrun's attack.
* * * LOW HITPOINT WARNING * * *
The grasping roots constrict you!
You feel much better. You block Jorgrun's attack.
The grasping roots constrict you.
Your plate armour prevents you from hitting Jorgrun.
You headbutt Jorgrun, but do no damage.
Jorgrun is severely wounded.
You block Jorgrun's attack.
* * * LOW HITPOINT WARNING * * *
The grasping roots constrict you!
You slash Jorgrun! You headbutt Jorgrun!
Jorgrun is almost dead.
You hit Jorgrun.
Jorgrun is almost dead.
Jorgrun gestures at you while chanting.
The wall shatters!
The blast of rock fragments hits you!!
* * * LOW HITPOINT WARNING * * *
You die...

### ###
..... ..#
.....##.#
........#
#.......#
#.......#
#.....#g#
.......@#
####....#
#....#
#....#
#..#.#
#....#
#....#
#....#
#.##.#


You could see Jorgrun.

Vanquished Creatures
  Rupert (Lair:4)
  Kirke (Lair:6)
  3 dire elephants (Lair:6)
  5 hydras
  2 boulder beetles (D:12)
  An anaconda (Lair:6)
  A dancing weapon (Volcano)
  6 two-headed ogres
  4 orc high priests
  A deep elf knight (Orc:2)
  A fire crab (Lair:6)
  5 skeletal warriors
  5 wizards (Volcano)
  A deep elf archer (Orc:2)
  An ugly thing (D:11)
  4 orc knights
  3 deep elf magi (Elf:1)
  6 orc sorcerers
  2 cyclopes
  An oklob plant (Lair:5)
  2 manticores
  9 black mambas
  4 elephants (Lair:6)
  5 toenail golems (Volcano)
  Joseph (Lair:1)
  3 kobold demonologists (D:11)
  9 cane toads
  4 rime drakes
  13 komodo dragons
  A wind drake (Lair:2)
  5 trolls
  Grinder (D:6)
  5 blink frogs (Lair:1)
  A meliai zombie (D:8)
  4 dream sheep (Lair:6)
  A shadow (D:11)
  A wraith (D:12)
  28 yaks
  4 wyverns
  An air elemental (Elf:1)
  3 redbacks (Lair:2)
  5 vampire mosquitoes
  5 basilisks
  2 hogs (Lair:6)
  Menkaure (D:4)
  A warg (D:11)
  15 water moccasins
  A soldier ant (D:12)
  3 ice beasts
  26 orc warriors
  3 black bears
  2 sky beasts
  21 wolves
  An eye of draining (D:12)
  A necrophage (D:10)
  9 ogres
  2 phantoms
  9 centaurs
  4 big kobolds
  21 bullfrogs
  3 scorpions
  A wyvern skeleton (D:9)
  21 wights
  4 electric eels
  3 howler monkeys
  A bullfrog zombie (D:5)
  A quasit (D:7)
  13 hounds
  3 jellies
  Crazy Yiuf (D:6)
  21 orc priests
  2 centaur skeletons
  29 orc wizards
  Jessica (D:2)
  3 iguanas
  Natasha (D:2)
  11 worker ants
  A killer bee zombie (D:4)
  2 hound zombies
  A hound skeleton (D:9)
  A gnoll (D:2)
  A howler monkey skeleton (D:9)
  15 adders
  A shadow imp (D:3)
  4 white imps
  4 ufetubi
  An ooze (D:3)
  A worm (D:2)
  3 dart slugs (D:1)
  6 leopard geckos
  73 orcs
  A ball python (D:1)
  8 bats
  6 giant cockroaches
  10 goblins
  7 hobgoblins
  10 jackals
  28 kobolds
  9 quokkas
  4 frilled lizards
  A jackal skeleton (D:6)
  2 leopard gecko skeletons
  A quokka zombie (D:9)
  9 rats
620 creatures vanquished.

Vanquished Creatures (others)
  A deep elf mage (Elf:1)
  A human (Lair:6)
  An orc (Orc:2)
  A kobold (D:9)
  32 fungi
  33 plants
69 creatures vanquished.

Grand Total: 689 creatures vanquished

Notes
Turn   | Place    | Note
-------+----------+-------------------------------------------
     0 | D:1      | tardwrangler69 the Minotaur Fighter began the quest for the
                  | Orb.
     0 | D:1      | Reached XP level 1. HP: 19/19 MP: 0/0
   140 | D:1      | Reached XP level 2. HP: 27/27 MP: 1/1
   186 | D:1      | Reached skill level 3 in Axes
   364 | D:1      | Reached XP level 3. HP: 33/33 MP: 2/2
   760 | D:2      | Found a sparkling altar of Nemelex Xobeh.
   842 | D:2      | Reached XP level 4. HP: 37/40 MP: 3/3
   933 | D:2      | Found a bloodstained altar of Trog.
   943 | D:2      | Reached skill level 4 in Axes
   975 | D:2      | Noticed Jessica
   978 | D:2      | Killed Jessica
  1110 | D:2      | Found a shimmering blue altar of Sif Muna.
  1113 | D:2      | Identified Sif Muna's Tome of Ice
  1481 | D:2      | Noticed Natasha
  1486 | D:2      | Killed Natasha
  1487 | D:2      | Reached XP level 5. HP: 46/47 MP: 4/4
  1937 | D:3      | Reached skill level 5 in Axes
  2007 | D:3      | Noticed an ice beast
  2020 | D:3      | Killed an ice beast
  2021 | D:3      | Reached skill level 5 in Shields
  2021 | D:3      | Reached XP level 6. HP: 36/55 MP: 5/5
  2034 | D:3      | Reached skill level 5 in Armour
  2379 | D:3      | Reached skill level 5 in Fighting
  2996 | D:4      | Reached skill level 6 in Axes
  3124 | D:4      | Noticed Menkaure
  3129 | D:4      | Killed Menkaure
  3130 | D:4      | Reached XP level 7. HP: 21/61 MP: 6/6
  3694 | D:4      | Reached skill level 7 in Axes
  4167 | D:4      | Found a glowing golden altar of the Shining One.
  4425 | D:5      | Entered Level 5 of the Dungeon
  4506 | D:5      | Reached XP level 8. HP: 36/70 MP: 7/7
  5028 | D:5      | Found a staircase to the Ecumenical Temple.
  5223 | Temple   | Entered the Ecumenical Temple
  5296 | Temple   | Became a worshipper of Uskayaw the Reveller
  5409 | D:5      | Reached * piety under Uskayaw
  5434 | D:5      | Reached ** piety under Uskayaw
  5436 | D:5      | Reached skill level 8 in Axes
  5526 | D:5      | Reached *** piety under Uskayaw
  5619 | D:6      | Reached **** piety under Uskayaw
  5982 | D:6      | Got a vibrating glass ring
  6041 | D:6      | Noticed Grinder
  6049 | D:6      | Killed Grinder
  6050 | D:6      | Reached skill level 9 in Axes
  6050 | D:6      | Reached skill level 1 in Invocations
  6166 | D:6      | Found a runed translucent door.
  6167 | D:6      | Noticed Crazy Yiuf
  6177 | D:6      | Killed Crazy Yiuf
  6185 | D:6      | Identified the ring "Arruthiz" {rElec rCorr MP-9 Stlth+}
                  | (You found it on level 6 of the Dungeon)
  6188 | D:6      | Got a crystal mace
  6189 | D:6      | Identified the +5 mace "Jellyslayer" {venom, Dex+5} (You
                  | found it on level 6 of the Dungeon)
  6275 | D:7      | Reached XP level 9. HP: 59/79 MP: 0/9
  6280 | D:7      | Reached ***** piety under Uskayaw
  7221 | D:7      | Reached skill level 10 in Axes
  7463 | D:8      | Noticed a troll
  7471 | D:8      | Killed a troll
  7732 | D:8      | Found a white marble altar of Elyvilon.
  7989 | D:8      | Found a hazy altar of Hepliaklqana.
  7989 | D:8      | Found a sacrificial altar of Ru.
  8038 | D:8      | Found an opulent altar of Gozag.
  8152 | D:9      | Found a staircase to the Lair.
  8156 | D:9      | Noticed a troll
  8160 | D:9      | Reached XP level 10. HP: 85/88 MP: 2/11
  8177 | D:9      | Reached skill level 11 in Axes
  9363 | D:10     | Entered Level 10 of the Dungeon
  9460 | D:10     | Noticed a two-headed ogre
  9472 | D:10     | Killed a two-headed ogre
  9476 | D:10     | Reached skill level 5 in Invocations
  9480 | D:10     | Reached skill level 12 in Axes
 10001 | D:10     | Noticed a two-headed ogre
 10009 | D:10     | Killed a two-headed ogre
 10010 | D:10     | Reached XP level 11. HP: 76/97 MP: 3/14
 10942 | D:11     | Found Varuopti's Armour Emporium.
 11074 | D:11     | Found a staircase to the Orcish Mines.
 11078 | D:11     | Noticed a two-headed ogre
 11090 | D:11     | Killed a two-headed ogre
 11368 | D:11     | Found a portal to a secret trove of treasure.
 11414 | D:11     | Noticed a green ugly thing
 11433 | D:11     | Killed a green ugly thing
 11434 | D:11     | Reached skill level 13 in Axes
 11497 | D:11     | Reached skill level 10 in Shields
 11546 | D:11     | Reached skill level 10 in Fighting
 11546 | D:11     | Reached skill level 10 in Armour
 11629 | D:11     | Paralysed by a wight for 7 turns
 12271 | D:12     | Noticed a skeletal warrior
 12271 | D:12     | Noticed a skeletal warrior
 12271 | D:12     | Noticed a skeletal warrior
 12271 | D:12     | Noticed a skeletal warrior
 12272 | D:12     | Noticed a skeletal warrior
 12577 | Lair:1   | Entered Level 1 of the Lair of Beasts
 12577 | Lair:1   | Noticed a seven-headed hydra
 12582 | Lair:1   | Killed a seven-headed hydra
 12708 | Lair:1   | Reached ****** piety under Uskayaw
 12728 | Lair:1   | Reached XP level 12. HP: 45/107 MP: 6/15
 13056 | Lair:1   | Noticed Joseph
 13068 | Lair:1   | Killed Joseph
 13481 | Lair:1   | Noticed a four-headed hydra
 13489 | Lair:1   | Killed a four-headed hydra
 13878 | Lair:1   | Reached skill level 14 in Axes
 13896 | Lair:2   | Found a hole to the Spider Nest.
 14364 | Lair:2   | Found a staircase to the Shoals.
 16694 | Lair:4   | Noticed Rupert
 16700 | Lair:4   | Paralysed by Rupert for 3 turns
 16712 | Lair:4   | Killed Rupert
 16713 | Lair:4   | Reached skill level 15 in Axes
 17163 | Lair:4   | Reached XP level 13. HP: 116/116 MP: 9/18
 17918 | Lair:5   | Found a dark tunnel.
 17923 | Volcano  | Entered a volcano
 17933 | Volcano  | Paralysed by a wizard for 4 turns
 19357 | Lair:5   | Identified the Incunabulum of Evil Translocation
 19703 | Lair:6   | Entered Level 6 of the Lair of Beasts
 19709 | Lair:6   | Reached skill level 16 in Axes
 19950 | Lair:6   | Noticed Kirke
 19977 | Lair:6   | Killed Kirke
 20558 | Lair:6   | Found a staircase to the Slime Pits.
 20863 | Lair:6   | Reached XP level 14. HP: 123/127 MP: 11/20
 22507 | Orc:1    | Entered Level 1 of the Orcish Mines
 22750 | Orc:2    | Entered Level 2 of the Orcish Mines
 22752 | Orc:2    | Found a staircase to the Elven Halls.
 23029 | Orc:2    | Reached skill level 10 in Invocations
 23082 | Orc:2    | Found Narisoet's Magic Scroll Emporium.
 23091 | Orc:2    | Bought a scroll of teleportation for 48 gold pieces
 23483 | Orc:2    | Found Ashrieru's Jewellery Boutique.
 24301 | Orc:2    | Paralysed by an orc sorcerer for 6 turns
 24723 | Orc:2    | Paralysed by an orc sorcerer for 4 turns
 25279 | Orc:2    | Found Ylug's General Store.
 25286 | Orc:2    | Bought a potion of heal wounds for 85 gold pieces
 25286 | Orc:2    | Found Tinugu's Book Emporium.
 25288 | Orc:2    | Found Komet's Gadget Boutique.
 25819 | Elf:1    | Entered Level 1 of the Elven Halls
 27056 | D:12     | Reached XP level 15. HP: 136/139 MP: 12/21
 27135 | D:13     | Noticed Jorgrun
 27184 | D:13     | Mangled by Jorgrun

Illustrated notes

Levels and vault maps discovered:
D:1:      dpeg_arrival_oval, layout_rooms, serial_park_tiny_1,
          ebering_dispersal_statue_hall
D:2:      layout_loops_corners, nzn_overflow_gifts_of_might_and_magic,
          nicolae_overflow_hidden_temple, uniq_natasha
D:3:      kb_forest_paths, layout_rooms, serial_bayou_pond_b
D:4:      minmay_chambers_of_threes, layout_loops_corners,
          nicolae_overflow_crystal_walls, chequers_mini_garden, uniq_menkaure
D:5:      layout_rooms, temple_doors_cd
D:6:      layout_cave_pools, uniq_crazy_yiuf_cottage, uniq_grinder
D:7:      layout_basic, serial_aquarium, aquarium_bridge_square
          [aquarium_subvault_window, aquarium_subvault_bridge,
          aquarium_subvault_wall, aquarium_subvault_window], aquarium_window_1,
          aquarium_window_corner, aquarium_view_2d, aquarium_view_2d,
          aquarium_balcony_5b, aquarium_pool_2
D:8:      layout_basic, kennysheep_mini, gammafunk_temple_overflow_pools,
          kennysheep_mini_moat
D:9:      layout_loops_ring, erik_lair_island
D:10:     layout_basic
D:11:     layout_long_grid, david_orc_1_choice, serial_shops, shop_statue,
          nicolae_trove_entry_free_sample
D:12:     layout_small_grid, enter_bailey_5, kennysheep_generic_room_14
D:13:     wad_woods_minihive, layout_stronghold, minmay_door_square,
          sword_in_stone, uniq_snorg, uniq_nessos, uniq_jorgrun
Temple:   jpeg_temple_clearing
Lair:1:   layout_concentric_octagons, serial_bayou_pond_d, uniq_joseph
Lair:2:   layout_regular_city, minmay_shoals_entry_beasts, spider_nest_entry_a,
          serial_bayou_shore_a
Lair:3:   layout_chaotic_city, beast_lair_carwin_8, grunt_megastairs_4,
          infiniplex_staircase_pool_2
Lair:4:   layout_long_grid, serial_bayou_shore_b, uniq_rupert
Lair:5:   layout_regular_city, enter_volcano_4, minmay_lair_oklob_items
Lair:6:   due_jungle_book, layout_gridlike, slime_dummy, grunt_megastairs_3,
          lemuel_fruit_tree, uniq_kirke
Orc:1:    layout_caves
Orc:2:    st_orc_elflike, layout_diamond_mine, serial_shops,
          nicolae_shop_statue_plus
Elf:1:    elf_arrival_002, layout_rooms, serial_shops,
          nicolae_shop_behind_doors, minmay_elf_annihilation, drop_trap

Skill      XL: |  1  2  3  4  5  6  7  8  9 10 11 12 13 14 |
---------------+-------------------------------------------+-----
Axes           | 3 4 5 6 7 9 10 12 13 15 16 | 16.0
Fighting       | 4 5 6 7 8 9 10 11 12 14 | 14.4
Shields        | 4 5 6 7 8 9 10 11 12 14 | 14.4
Armour         | 4 5 6 7 8 9 10 11 12 14 | 14.3
Invocations    | 1 3 5 6 8 9 10 | 10.0

Action                   |  1- 3 |  4- 6 |  7- 9 | 10-12 | 13-15 || total
-------------------------+-------+-------+-------+-------+-------++-------
Melee: Hand axe          |    64 |     5 |       |       |       ||    69
       War axe           |     4 |   145 |   146 |       |   253 ||   548
       Headbutt          |     7 |    21 |    41 |   157 |   254 ||   480
       Mace              |       |       |   114 |   600 |   542 ||  1256
       Unarmed           |       |       |       |       |     6 ||     6
       Broad axe         |       |       |       |       |    36 ||    36
Throw: Javelin           |       |       |       |     5 |       ||     5
  Use: Scroll            |       |       |     9 |     3 |     5 ||    17
       Potion            |       |       |       |     3 |     9 ||    12
 Stab: Paralysed         |       |       |     8 |    38 |    73 ||   119
Armor: Scale mail        |    30 |    62 |    18 |       |       ||   110
       Plate armour      |       |       |   133 |   263 |   293 ||   689
Dodge: Dodged            |    30 |    43 |    75 |   223 |   219 ||   590
Block: Kite shield       |    38 |    61 |   159 |   443 |   501 ||  1202
